 Dungeon Crawl Stone Soup version 0.20.0-8-g6b59dc7 (webtiles) character file.

200 McKennaii the Skirmisher (level 5, -5/42 HPs)
             Began as a Demonspawn Abyssal Knight on May 31, 2017.
             Was a Follower of Lugonu.
             Slain by a two-headed ogre
             ... wielding a +0 giant club
              (16 damage)
             ... on level 3 of the Dungeon.
             The game lasted 00:10:09 (3933 turns).

McKennaii the Skirmisher (DsAK)                     Turns: 3933, Time: 00:10:09

Health: -5/42      AC: 12    Str: 13    XL:     5   Next: 49%
Magic:  7/7        EV:  3    Int: 13    God:    Lugonu [*.....]
Gold:   154        SH:  0    Dex: 13    Spells: 4/4 levels left

rFire    . . .     SeeInvis +   a - +1 falchion
rCold    . . .     Gourm    .   (no shield)
rNeg     . . .     Faith    .   e - +1 plate armour "Seobuux" {MR+ rCorr SInv} (curse)
rPois    .         Spirit   .   (no helmet)
rElec    .         Reflect  .   (no cloak)
rCorr    +         Harm     .   (no gloves)
MR       +....                  (no boots)
Stlth    ..........             (no amulet)
Regen    0.2/turn               (no ring)
MPRegen  0.1/turn               (no ring)

@: no status effects
A: claws 1, demonic guardian 1, rot immunity
a: Depart the Abyss, Renounce Religion


You were on level 3 of the Dungeon.
You worshipped Lugonu.
Lugonu was aware of your devotion.
You were hungry.

You visited 1 branch of the dungeon, and saw 4 of its levels.
You visited the Abyss 1 time.

You collected 154 gold pieces.

Inventory:

Hand Weapons
 a - a +1 falchion (weapon)
Armour
 e - the cursed +1 plate armour "Seobuux" (worn) {MR+ rCorr SInv}
   (You found it on level 2 of the Abyss)

   It affects your resistance to hostile enchantments.
   It lets you see invisible.
   It protects you from acid and corrosion.
   It has a curse placed upon it.
Scrolls
 d - a scroll of immolation
 f - a scroll of remove curse {unknown}
 g - 2 scrolls of teleportation
 h - a scroll of enchant weapon {unknown}
 o - a scroll of random uselessness {unknown}
 p - a scroll of fear {unknown}
 q - 2 scrolls of identify
 s - a scroll of blinking {unknown}
Potions
 b - 2 potions of mutation {unknown}
 i - 4 potions of curing
 j - 4 potions of might {unknown}
 l - a potion of heal wounds {unknown}
 n - a potion of degeneration {unknown}
 r - a potion of haste {unknown}
Comestibles
 c - a bread ration
 k - a royal jelly
 m - 4 fruits


   Skills:
 + Level 4.1 Fighting
 + Level 3.4 Long Blades
 + Level 2.9 Armour
 + Level 1.1 Dodging
 + Level 0.6 Stealth
 + Level 2.9 Invocations


You had 4 spell levels left.
You didn't know any spells.

Dungeon Overview and Level Annotations

Branches:
Dungeon (4/15)
 Temple: D:4-7

Altars:


Innate Abilities, Weirdness & Mutations

You have sharp fingernails.
A weak demonic guardian rushes to your aid.
You are immune to rotting.


Message History

Your shadow imp closely misses the two-headed ogre.
You are feeling hungry.
Your shadow imp closely misses the two-headed ogre.
You hit the two-headed ogre.
The two-headed ogre is lightly wounded.
The two-headed ogre hits you with a giant club.
The two-headed ogre barely misses you.
Your shadow imp barely misses the two-headed ogre.
You hit the two-headed ogre.
The two-headed ogre is moderately wounded.
The two-headed ogre hits you with a giant club.
The two-headed ogre hits you with a giant club!
* * * LOW HITPOINT WARNING * * *
Your shadow imp hits the two-headed ogre.
Okay, then.
You hit the two-headed ogre.
The two-headed ogre is moderately wounded.
Your shadow imp hits the two-headed ogre.
The two-headed ogre hits you with a giant club!
You die...

##########..##.# #.# #.#
#.[.........##.# #.# #.#
#..........###.# #.# #.#
#..........# #.#
#.######.###
############ #.#
#.##........ #.##
#.##........ #5.#
#.##........ ##O#
#.##.......> #@#
#.##....†... ###
#...........
###############.########
#..........##.....†.>...
#.............##...####.
#................#.####.
#..........#######......
#..........# #######
#..........#


You could see a two-headed ogre and a friendly shadow imp.

Vanquished Creatures
  An orc wizard (D:3)
  3 gnolls (D:3)
  7 adders (D:2)
  A worm (D:2)
  A dart slug (D:3)
  5 leopard geckos
  6 orcs
  2 ball pythons (D:3)
  6 bats
  2 giant cockroaches
  2 goblins
  8 hobgoblins
  A jackal (D:1)
  A quokka (D:3)
  2 frilled lizards
  2 kobolds (D:2)
  5 rats
55 creatures vanquished.

Vanquished Creatures (collateral kills)
  An orc wizard (D:3)
  2 orcs (D:3)
  A hobgoblin (D:3)
  A frilled lizard (D:3)
  A rat (D:3)
6 creatures vanquished.

Grand Total: 61 creatures vanquished

Notes
Turn   | Place    | Note
-------+----------+-------------------------------------------
     0 | Abyss:1  | McKennaii the Demonspawn Abyssal Knight began the quest for the Orb.
     0 | Abyss:1  | Reached XP level 1. HP: 18/18 MP: 2/2
    78 | Abyss:2  | Got a spiked plate armour
    81 | Abyss:2  | Noticed a thrashing horror
    81 | D:1      | Escaped the Abyss
    99 | D:1      | Identified the cursed +1 plate armour "Seobuux" {MR+ rCorr SInv} (You found it on level 2 of the Abyss)
   429 | D:1      | Gained mutation: You are immune to rotting. [demonic ancestry]
   429 | D:1      | Reached XP level 2. HP: 24/24 MP: 3/3
   468 | D:1      | Reached * piety under Lugonu
  1032 | D:2      | Reached XP level 3. HP: 29/29 MP: 3/5
  1933 | D:2      | Reached skill level 1 in Dodging
  2329 | D:2      | Gained mutation: A weak demonic guardian rushes to your aid. [demonic ancestry]
  2329 | D:2      | Reached XP level 4. HP: 37/37 MP: 6/6
  2888 | D:3      | Reached skill level 4 in Fighting
  2888 | D:3      | Gained mutation: You have sharp fingernails. [demonic ancestry]
  2888 | D:3      | Reached XP level 5. HP: 33/42 MP: 7/7
  3074 | D:3      | Noticed a two-headed ogre
  3470 | D:3      | Reached ** piety under Lugonu
  3933 | D:3      | Slain by a two-headed ogre

Skill      XL: |  1  2  3  4 |
---------------+-------------+-----
Armour         | 2 |  2.9
Long Blades    | 2 3 |  3.4
Dodging        | 1 |  1.1
Fighting       | 4 |  4.1
Stealth        | |  0.6
Invocations    | |  2.9

Action                   |  1- 3 |  4- 6 || total
-------------------------+-------+-------++-------
Melee: Falchion          |   132 |   148 ||   280
Invok: Depart the Abyss  |     1 |       ||     1
  Use: Scroll            |       |     3 ||     3
 Stab: Distracted        |       |     2 ||     2
  Eat: Bread ration      |     1 |       ||     1
       Chunk             |       |     5 ||     5
Armor: Plate armour      |   153 |   114 ||   267
Dodge: Dodged            |    31 |    24 ||    55
       Rpst.: Falchion   |    10 |     7 ||    17
